 Dungeon Crawl Stone Soup version 0.23.0 (webtiles) character file.

Game seed: 982062600562744095

129 Borgoz the Sneak (level 5, -3/44 (45) HPs)
             Began as a Ghoul Assassin on Feb 17, 2019.
             Slain by an orc
             ... wielding a +0 short sword
              (6 damage)
             ... on level 3 of the Dungeon.
             The game lasted 00:05:52 (2875 turns).

Borgoz the Sneak (Ghoul Assassin)                   Turns: 2875, Time: 00:05:52

HP:   -3/44 (45)    AC:  3    Str: 13 (15) XL:     5   Next: 12%
MP:   4/4           EV: 12    Int:  3 (6)  God:
Gold: 134           SH:  0    Dex:  8 (11) Spells: 4/4 levels left

rFire    . . .     SeeInvis .   a - +2 dagger
rCold    + . .     Gourm    .   (no shield)
rNeg     + + +     Faith    .   c - +0 robe
rPois    ∞         Spirit   .   (no helmet)
rElec    .         Reflect  .   d - +0 cloak
rCorr    .         Harm     .   (no gloves)
MR       .....                  (no boots)
Stlth    ++++......             (no amulet)
HPRegen  0.00/turn              i - ring of stealth
MPRegen  0.09/turn              q - ring of wizardry

@: rotting
A: rotting body, claws 1, carnivore, cold resistance 1, negative energy
resistance 3, inhibited regeneration, torment resistance, unbreathing
a: no special abilities


You were on level 3 of the Dungeon.
You were not hungry.

You visited 1 branch of the dungeon, and saw 3 of its levels.

You collected 134 gold pieces.

Inventory:

Hand Weapons
 a - a +2 dagger (weapon)
 b - a +0 blowgun
 l - a +4 dagger of draining
Missiles
 e - 19 poisoned needles
 f - 2 curare-tipped needles
Armour
 c - a +0 robe (worn)
 d - a +0 cloak (worn)
Jewellery
 i - a ring of stealth (left claw)
 q - a ring of wizardry (right claw)
Scrolls
 k - a scroll of teleportation {unknown}
 m - 2 scrolls of amnesia
Potions
 h - a potion of agility
 j - a potion of flight {unknown}
 n - a potion of berserk rage
 o - a potion of magic {unknown}
 p - a potion of curing {unknown}
 u - a potion of invisibility
Comestibles
 g - 3 rations


   Skills:
 + Level 3.3 Fighting
 + Level 2.7 Short Blades
 - Level 1.7 Throwing
 + Level 2.1 Dodging
 + Level 5.3 Stealth


You had 4 spell levels left.
You didn't know any spells.
Your spell library was empty.

Dungeon Overview and Level Annotations

Branches:
Dungeon (3/15)

Altars:
Hepliaklqana

Annotations:
D:3 Grinder


Innate Abilities, Weirdness & Mutations

Your body is rotting away.
You thrive on raw meat.
You are immune to poison.
You have sharp fingernails.
You are carnivorous and can eat meat at any time.
Your flesh is cold resistant. (rC+)
You are immune to negative energy. (rN+++)
You do not regenerate when monsters are visible.
You are immune to unholy pain and torment.
You can survive without breathing.


Message History

Beogh smites you! The orc misses you.
The orc rages.
The orc hits you with a +0 short sword.
The orc rages.
The orc closely misses you. The orc hits you with a +0 short sword.
You hit the orc.
The orc is heavily wounded.
The orc closely misses you.
You hit the orc.
The orc is severely wounded.
The orc hits you with a +0 short sword!
* * * LOW HITPOINT WARNING * * *
The orc hits you with a +0 short sword.
* * * LOW HITPOINT WARNING * * *
Unknown command.
It was a potion of degeneration.
There was something very wrong with that liquid.
You feel weakened.
You feel dopey.
You feel clumsy. The orc hits you with a +0 short sword.
You die...

### # #.# # #.# #
#######.######### #
#...............# #
#.#####.#######.# #
..#####.#######.######### #
.....##.##......@ooo....##### #
.....##.##.####.##o.........# #
.....##.##.# #.##..........# #
.....##.#..####.##..........#####
..#####.#..##...##...##.#........
..# #.#........'(..............
..#####.#........#..(##.#.#######
......†.............(((.(........
#.#.............................#


You could see an orc priest and 3 orcs.

Vanquished Creatures
  4 adders
  4 oozes
  2 worms
  2 leopard geckos
  2 orcs (D:3)
  2 ball pythons (D:1)
  A giant cockroach (D:1)
  7 hobgoblins
  3 jackals (D:3)
  A quokka (D:2)
  10 bats
  6 frilled lizards
  6 goblins
  8 kobolds
  9 rats
67 creatures vanquished.

Notes
Turn   | Place    | Note
-------+----------+-------------------------------------------
     0 | D:1      | Borgoz the Ghoul Assassin began the quest for the Orb.
     0 | D:1      | Reached XP level 1. HP: 17/17 MP: 0/0
    27 | D:1      | Reached skill level 1 in Dodging
   239 | D:1      | Reached XP level 2. HP: 25/25 MP: 1/1
   559 | D:1      | Reached XP level 3. HP: 21/29 MP: 2/2
  1043 | D:2      | Found a hazy altar of Hepliaklqana.
  1302 | D:2      | Reached skill level 5 in Stealth
  1302 | D:2      | Reached XP level 4. HP: 20/38 MP: 3/3
  2107 | D:3      | Reached XP level 5. HP: 36/45 MP: 4/4
  2162 | D:3      | Noticed Grinder
  2427 | D:3      | Paralysed by Grinder for 4 turns
  2875 | D:3      | Slain by an orc

Skill      XL: |  1  2  3  4 |
---------------+-------------+-----
Dodging        | 1 2 |  2.1
Short Blades   | 2 |  2.7
Fighting       | 3 |  3.3
Stealth        | 5 |  5.3
Throwing       | |  1.7

Action                   |  1- 3 |  4- 6 || total
-------------------------+-------+-------++-------
Melee: Dagger            |   111 |   130 ||   241
  Use: Scroll            |       |     2 ||     2
       Potion            |       |     4 ||     4
 Stab: Sleeping          |     8 |    11 ||    19
  Eat: Chunk             |     6 |     7 ||    13
Armor: Robe              |    23 |    28 ||    51
Dodge: Dodged            |    63 |    90 ||   153
